[Event "DVM U12W 2021"]
[Site "Willingen"]
[Date "2022.08.15"]
[Round "6"]
[White "Eger, Nora"]
[Black "Mauhs, Helena"]
[Result "1-0"]
[ECO "A07"]
[WhiteElo "1248"]
[BlackElo "857"]
[Annotator "NA RC"]
[PlyCount "89"]
[EventDate "2022.08.12"]
[EventType "team-tourn"]
[EventRounds "7"]
[EventCountry "GER"]
[SourceTitle "playchess.com"]
[Source "ChessBase"]
[SourceQuality "1"]
[TimeControl "40/5400+30:1800+30"]

1. Nf3 Nf6 2. g3 d5 3. Bg2 Bf5 4. d3 Nc6 5. O-O Qd7 6. c3 O-O-O 7. b4 a6 8. a4 e6 9. b5 axb5 10. axb5 Nb8 11. Qb3 Bd6 12. Be3 b6 13. Nbd2 h5 14. Ra8 Rhg8 15. Nd4 Kb7 16. Qa4 c5 17. Ra7+ Kc8 18. Rxd7 Rxd7 19. Nxf5 exf5 20. Bf4 g5 21. Bxd6 Rxd6 22. Nf3 Re6 23. e3 Nbd7 24. d4 c4 25. Qc2 Re4 26. Ne5 Nxe5 27. Bxe4 dxe4 28. dxe5 Ng4 29. Qe2 Rd8 30. Qxc4+ Kb8 31. Qxf7 Nxe5 32. Qxf5 Re8 33. Kg2 h4 34. h3 g4 35. Rd1 gxh3+ 36. Qxh3 Nf3 37. Rd6 Ne1+ 38. Kf1 hxg3 39. Rxb6+ Ka8 40. Ra6+ Kb8 41. Qxg3+ Kb7 42. Kxe1 Rc8 43. Rc6 Rb8 44. Qg7+ Ka8 45. Ra6# 1-0

[Event "DVM U12W 2021"]
[Site "Willingen"]
[Date "2022.08.15"]
[Round "6"]
[White "Prokscha, Charlotte"]
[Black "Mersmann, Jasmin"]
[Result "1-0"]
[ECO "D02"]
[WhiteElo "1241"]
[BlackElo "1232"]
[Annotator "NA RC"]
[PlyCount "115"]
[EventDate "2022.08.12"]
[EventType "team-tourn"]
[EventRounds "7"]
[EventCountry "GER"]
[SourceTitle "playchess.com"]
[Source "ChessBase"]
[SourceQuality "1"]
[TimeControl "40/5400+30:1800+30"]

1. d4 d5 2. Bf4 Nc6 3. e3 Bf5 4. c3 Nf6 5. Nf3 e6 6. Nbd2 Bd6 7. Be2 a6 8. a3 h6 9. h3 O-O 10. O-O Ne7 11. Ne5 Bxe5 12. Bxe5 Ne4 13. Nxe4 Bxe4 14. Bd3 Bxd3 15. Qxd3 c6 16. Rfe1 Ng6 17. Bh2 Re8 18. e4 Qg5 19. e5 Nf4 20. Bxf4 Qxf4 21. Qe3 Qxe3 22. Rxe3 Rf8 23. Rae1 f6 24. exf6 Rxf6 25. Rxe6 Raf8 26. Rxf6 Rxf6 27. Re7 Rf7 28. Re5 Kh7 29. g4 Kg6 30. Kg2 a5 31. a4 Rd7 32. h4 Kf6 33. f4 Re7 34. g5+ hxg5 35. hxg5+ Kf7 36. Kg3 Rxe5 37. fxe5 g6 38. Kf3 Ke6 39. Kg4 Ke7 40. b3 b6 41. c4 dxc4 42. bxc4 Ke6 43. Kf4 c5 44. dxc5 bxc5 45. Ke4 Ke7 46. Kd5 Kd7 47. e6+ Ke7 48. Ke5 Kf8 49. Kf6 Ke8 50. e7 Kd7 51. Kf7 Kd6 52. e8=Q Kc7 53. Qe6 Kd8 54. Qe7+ Kc8 55. Ke6 Kb8 56. Kd6 Ka8 57. Kc6 Kb8 58. Qb7# 1-0

[Event "DVM U12W 2021"]
[Site "Willingen"]
[Date "2022.08.15"]
[Round "6"]
[White "Hefele, Stefanie"]
[Black "Christiansen, Jana-Marie"]
[Result "1-0"]
[ECO "C47"]
[WhiteElo "1180"]
[BlackElo "1120"]
[Annotator "NA RC"]
[PlyCount "33"]
[EventDate "2022.08.12"]
[EventType "team-tourn"]
[EventRounds "7"]
[EventCountry "GER"]
[SourceTitle "playchess.com"]
[Source "ChessBase"]
[SourceQuality "1"]
[TimeControl "40/5400+30:1800+30"]

1. e4 e5 2. Nf3 Nc6 3. Nc3 Nf6 4. d4 exd4 5. Nxd4 Bb4 6. Nxc6 bxc6 7. Bd3 d5 8. exd5 cxd5 9. O-O O-O 10. Bg5 Bb7 11. Qf3 Bxc3 12. bxc3 Re8 13. Rfe1 Qd6 14. Qf5 Bc8 15. Rxe8+ Nxe8 16. Qxh7+ Kf8 17. Qh8# 1-0

[Event "DVM U12W 2021"]
[Site "Willingen"]
[Date "2022.08.15"]
[Round "6"]
[White "Schube, Theresa"]
[Black "Striebeck, Liv"]
[Result "1-0"]
[ECO "C50"]
[WhiteElo "1162"]
[BlackElo "1003"]
[Annotator "NA RC"]
[PlyCount "91"]
[EventDate "2022.08.12"]
[EventType "team-tourn"]
[EventRounds "7"]
[EventCountry "GER"]
[SourceTitle "playchess.com"]
[Source "ChessBase"]
[SourceQuality "1"]
[TimeControl "40/5400+30:1800+30"]

1. e4 e5 2. Nf3 Nc6 3. Bc4 Nf6 4. d3 Bc5 5. Nc3 d6 6. h3 O-O 7. Bg5 Be6 8. Bb3 Bxb3 9. axb3 h6 10. Bh4 g5 11. Nxg5 hxg5 12. Bxg5 Bb4 13. O-O Bxc3 14. bxc3 Qe7 15. Qf3 Kg7 16. Qg3 Rfd8 17. f4 Nh5 18. Bxe7+ Nxg3 19. Bxd8 Nxf1 20. Bxc7 Ng3 21. Kf2 exf4 22. Bxd6 Nh5 23. Kf3 a6 24. Bxf4 Nxf4 25. Kxf4 Kf6 26. d4 Rg8 27. g4 Rh8 28. Rh1 Ne7 29. h4 Ng6+ 30. Kg3 Rc8 31. c4 b5 32. c5 Ne7 33. Ra1 Ra8 34. g5+ Ke6 35. h5 a5 36. Kf4 a4 37. bxa4 bxa4 38. d5+ Kd7 39. Ke5 a3 40. Kf6 Ke8 41. c3 Ra6+ 42. Kg7 a2 43. d6 Nc6 44. h6 Ra7 45. h7 f6+ 46. Kh6 1-0

[Event "DVM U12W 2021"]
[Site "Willingen"]
[Date "2022.08.15"]
[Round "6"]
[White "Henzel, Leonie"]
[Black "Peglau, Lorena"]
[Result "1/2-1/2"]
[ECO "D02"]
[WhiteElo "1134"]
[BlackElo "1207"]
[Annotator "NA RC"]
[PlyCount "64"]
[EventDate "2022.08.12"]
[EventType "team-tourn"]
[EventRounds "7"]
[EventCountry "GER"]
[SourceTitle "playchess.com"]
[Source "ChessBase"]
[SourceQuality "1"]
[TimeControl "40/5400+30:1800+30"]

1. d4 e6 2. g3 d5 3. Bg2 Nf6 4. Nf3 c5 5. O-O Nc6 6. b3 Qb6 7. Bb2 cxd4 8. Nxd4 Be7 9. Nxc6 Qxc6 10. c4 Qc5 11. Ba3 Qa5 12. Bxe7 Kxe7 13. Qd3 Rd8 14. Rd1 dxc4 15. Qxd8+ Qxd8 16. Rxd8 Kxd8 17. bxc4 Rb8 18. Nc3 Bd7 19. Rd1 Ke7 20. Rc1 Rc8 21. Ne4 b6 22. Nxf6 Kxf6 23. Kf1 Ke5 24. e3 Bc6 25. f4+ Kd6 26. Bxc6 Rxc6 27. Ke2 b5 28. Kd3 bxc4+ 29. Rxc4 Rxc4 30. Kxc4 Kc6 31. a4 a5 32. e4 h6 1/2-1/2

[Event "DVM U12W 2021"]
[Site "Willingen"]
[Date "2022.08.15"]
[Round "6"]
[White "Abram, Kristina-Maria"]
[Black "Mehner, Clara"]
[Result "1-0"]
[ECO "C01"]
[WhiteElo "1128"]
[BlackElo "1150"]
[Annotator "NA RC"]
[PlyCount "161"]
[EventDate "2022.08.12"]
[EventType "team-tourn"]
[EventRounds "7"]
[EventCountry "GER"]
[SourceTitle "playchess.com"]
[Source "ChessBase"]
[SourceQuality "1"]
[TimeControl "40/5400+30:1800+30"]

1. e4 e6 2. d4 d5 3. exd5 exd5 4. c4 Nf6 5. Nc3 Be7 6. Nf3 Bg4 7. Bg5 Be6 8. Qb3 b6 9. Bxf6 Bxf6 10. cxd5 Bg4 11. Be2 O-O 12. Rd1 Re8 13. O-O c6 14. Rfe1 cxd5 15. Qxd5 Nd7 16. Bb5 Rc8 17. Bxd7 Qxd7 18. Qxd7 Bxd7 19. Ne4 Be7 20. d5 Bb4 21. Re3 Bg4 22. d6 Rcd8 23. h3 Bxf3 24. gxf3 f5 25. Ng3 f4 26. Rxe8+ Rxe8 27. d7 Rd8 28. Ne2 g5 29. a3 Be7 30. Nc3 a6 31. Nd5 Kf7 32. Nxb6 Bc5 33. Nc4 Ke6 34. b4 Be7 35. Nb6 Bd6 36. Re1+ Kf7 37. Rd1 Ke6 38. Rc1 Kf7 39. Rc8 Be7 40. a4 Ke6 41. b5 a5 42. Rxd8 Bxd8 43. Nc4 Kxd7 44. Kf1 Ke6 45. Ke2 Kd5 46. Kd3 h6 47. b6 Kc6 48. Nxa5+ Kxb6 49. Nb3 Kc6 50. Ke4 Bb6 51. Kf5 Bxf2 52. Kg6 Kb6 53. Kxh6 Bh4 54. Nd2 Ka5 55. Ne4 Kxa4 56. Nxg5 Kb5 57. Ne6 Bg3 58. Kg5 Kc6 59. Nxf4 Bxf4+ 60. Kxf4 Kd6 61. Kg5 Ke7 62. h4 Kf7 63. h5 Kg7 64. f4 Kf7 65. h6 Kg8 66. f5 Kf7 67. f6 Kg8 68. Kf5 Kh8 69. Ke6 Kg8 70. Ke7 Kh7 71. f7 Kxh6 72. f8=Q+ Kg5 73. Qf6+ Kg4 74. Ke6 Kg3 75. Qf5 Kg2 76. Qf4 Kh3 77. Qg5 Kh2 78. Ke5 Kh3 79. Kf4 Kh2 80. Kf3 Kh1 81. Qg2# 1-0

[Event "DVM U12W 2021"]
[Site "Willingen"]
[Date "2022.08.15"]
[Round "6"]
[White "Belkina, Elisabeth"]
[Black "Shynkar, Darya"]
[Result "1/2-1/2"]
[ECO "E61"]
[WhiteElo "1126"]
[BlackElo "1001"]
[Annotator "NA RC"]
[PlyCount "66"]
[EventDate "2022.08.12"]
[EventType "team-tourn"]
[EventRounds "7"]
[EventCountry "GER"]
[SourceTitle "playchess.com"]
[Source "ChessBase"]
[SourceQuality "1"]
[TimeControl "40/5400+30:1800+30"]

1. d4 Nf6 2. Nf3 g6 3. Bf4 Bg7 4. e3 O-O 5. c4 d6 6. Nc3 Nbd7 7. Bd3 Re8 8. Qc2 b6 9. O-O Bb7 10. Nd2 e5 11. Bg5 h6 12. Bh4 Rc8 13. d5 c6 14. e4 b5 15. b3 cxd5 16. Nxb5 Qb6 17. a4 a5 18. Qb1 dxe4 19. Bxe4 Nxe4 20. Nxe4 Bxe4 21. Qxe4 Nc5 22. Qe3 Qb8 23. Rfd1 Re6 24. Rd2 h5 25. Rb1 Kh7 26. Rd5 f6 27. Bg3 f5 28. Qc3 f4 29. Bh4 e4 30. Qxa5 f3 31. Qe1 fxg2 32. Kxg2 Rce8 33. Bg5 Nd3 1/2-1/2

[Event "DVM U12W 2021"]
[Site "Willingen"]
[Date "2022.08.15"]
[Round "6"]
[White "Gerlach, Lorena"]
[Black "Schuelke, Rosalie"]
[Result "0-1"]
[ECO "D02"]
[WhiteElo "1120"]
[BlackElo "1297"]
[Annotator "NA RC"]
[PlyCount "138"]
[EventDate "2022.08.12"]
[EventType "team-tourn"]
[EventRounds "7"]
[EventCountry "GER"]
[SourceTitle "playchess.com"]
[Source "ChessBase"]
[SourceQuality "1"]
[TimeControl "40/5400+30:1800+30"]

1. d4 d5 2. Nf3 Nf6 3. g3 Bg4 4. Bg2 e6 5. O-O c5 6. b3 Nc6 7. Bb2 Be7 8. c4 dxc4 9. bxc4 Qb6 10. Qb3 Qxb3 11. axb3 Bxf3 12. Bxf3 cxd4 13. Rd1 Rd8 14. Bxc6+ bxc6 15. Rxa7 c5 16. Ba3 Rb8 17. Rc7 Bd6 18. Rc6 Kd7 19. Ra6 Rhc8 20. e3 e5 21. Rd3 Ra8 22. Rxa8 Rxa8 23. f4 e4 24. Rd1 d3 25. h3 Kc6 26. Kf2 Bc7 27. g4 Nd7 28. Rd2 Ba5 29. Ra2 Bb4 30. h4 f6 31. Kf1 Nf8 32. Ra1 Ng6 33. h5 Nh4 34. Bb2 Rxa1 35. Bxa1 Nf3 36. Bc3 Nh2+ 37. Ke1 Nxg4 38. Bxb4 cxb4 39. Nd2 f5 40. Nf1 g6 41. hxg6 hxg6 42. Kd2 Nf6 43. Ng3 Nd7 44. Nh1 Nc5 45. Nf2 Nxb3+ 46. Kd1 Na5 47. Kc1 Nxc4 48. Nd1 Kb5 49. Kb1 Ka4 50. Ka1 Kb3 51. Kb1 Ka3 52. Ka1 b3 53. Kb1 b2 54. Nxb2 Nxb2 55. Kc1 Nc4 56. Kd1 Nxe3+ 57. Kd2 Nd5 58. Kd1 Nxf4 59. Kd2 g5 60. Ke3 g4 61. Kxf4 d2 62. Kxf5 d1=Q 63. Kxe4 g3 64. Ke3 g2 65. Kf4 g1=Q 66. Kf5 Qe2 67. Kf6 Qgf1+ 68. Kg5 Qeg2+ 69. Kh4 Qfh1# 0-1

[Event "DVM U12W 2021"]
[Site "Willingen"]
[Date "2022.08.15"]
[Round "6"]
[White "Kopylov, Diana"]
[Black "Wagner, Cosima Thien-An"]
[Result "1/2-1/2"]
[ECO "D20"]
[WhiteElo "1108"]
[BlackElo "1301"]
[Annotator "NA RC"]
[PlyCount "41"]
[EventDate "2022.08.12"]
[EventType "team-tourn"]
[EventRounds "7"]
[EventCountry "GER"]
[SourceTitle "playchess.com"]
[Source "ChessBase"]
[SourceQuality "1"]
[TimeControl "40/5400+30:1800+30"]

1. d4 d5 2. c4 dxc4 3. e4 e5 4. d5 Nf6 5. Nc3 b5 6. a4 b4 7. Na2 Nxe4 8. Bxc4 Nxf2 9. Kxf2 Qh4+ 10. g3 Qxc4 11. Nf3 f6 12. b3 Qe4 13. Re1 Qf5 14. Be3 Bd6 15. Kg1 O-O 16. Rf1 Bb7 17. Qd2 Qe4 18. Rad1 Bxd5 19. Qxd5+ Qxd5 20. Rxd5 Nc6 21. Bc5 1/2-1/2

[Event "DVM U12W 2021"]
[Site "Willingen"]
[Date "2022.08.15"]
[Round "6"]
[White "Sayouf, Rafif"]
[Black "Blome, Antonia"]
[Result "0-1"]
[ECO "C50"]
[WhiteElo "1102"]
[BlackElo "823"]
[Annotator "NA RC"]
[PlyCount "138"]
[EventDate "2022.08.12"]
[EventType "team-tourn"]
[EventRounds "7"]
[EventCountry "GER"]
[SourceTitle "playchess.com"]
[Source "ChessBase"]
[SourceQuality "1"]
[TimeControl "40/5400+30:1800+30"]

1. e4 e5 2. Nf3 Nc6 3. Bc4 Bc5 4. Nc3 Nf6 5. d3 d6 6. Bg5 h6 7. Bh4 g5 8. Bg3 Be6 9. Nd2 Qd7 10. Qe2 Nd4 11. Qd1 c6 12. Nf3 a6 13. Nxd4 Bxd4 14. Qd2 d5 15. exd5 Bxd5 16. Bxd5 Nxd5 17. Nxd5 Qxd5 18. O-O f5 19. h3 f4 20. Bh2 Rb8 21. c4 Qd7 22. Rfe1 O-O 23. Rab1 g4 24. hxg4 Qxg4 25. Qe2 Qg5 26. Qf3 Rf7 27. Qh3 f3 28. g3 h5 29. Qh4 Qg6 30. Re4 Qh7 31. b3 Rbf8 32. Qg5+ Rg7 33. Qh4 Rg4 34. Rxg4+ hxg4 35. Qxh7+ Kxh7 36. a4 Rc8 37. Kf1 b5 38. Ke1 Kg6 39. Bg1 Re8 40. cxb5 axb5 41. axb5 cxb5 42. Rc1 b4 43. Rc6+ Kf5 44. Rc4 Ra8 45. Kd1 Ra1+ 46. Kc2 Rxg1 47. Rxb4 Bxf2 48. Rb8 Bxg3 49. Rf8+ Ke6 50. b4 Rg2+ 51. Kd1 e4 52. dxe4 Bd6 53. Re8+ Kd7 54. Rg8 Bxb4 55. e5 g3 56. Rg6 Be7 57. e6+ Kd6 58. Ke1 Re2+ 59. Kf1 Bh4 60. Rh6 g2+ 61. Kg1 Bf2+ 62. Kh2 g1=Q+ 63. Kh3 Qh1+ 64. Kg4 Qxh6 65. Kxf3 Qe3+ 66. Kg4 Kxe6 67. Kh5 Qg3 68. Kh6 Re1 69. Kh7 Rh1# 0-1

[Event "DVM U12W 2021"]
[Site "Willingen"]
[Date "2022.08.15"]
[Round "6"]
[White "Kremling, Alamea"]
[Black "Achilles, Rosa"]
[Result "1-0"]
[ECO "A45"]
[WhiteElo "1077"]
[BlackElo "1026"]
[Annotator "NA RC"]
[PlyCount "71"]
[EventDate "2022.08.12"]
[EventType "team-tourn"]
[EventRounds "7"]
[EventCountry "GER"]
[SourceTitle "playchess.com"]
[Source "ChessBase"]
[SourceQuality "1"]
[TimeControl "40/5400+30:1800+30"]

1. d4 Nf6 2. Bf4 g6 3. e3 Bg7 4. Nd2 O-O 5. c4 d5 6. Ngf3 b6 7. Bd3 Bb7 8. O-O c5 9. dxc5 bxc5 10. Qb3 Ba6 11. Qa3 dxc4 12. Nxc4 Bxc4 13. Bxc4 Nbd7 14. Rfd1 Qc8 15. b4 Ne4 16. Rac1 Qb7 17. Bd5 Qxb4 18. Qxb4 cxb4 19. Bxa8 Rxa8 20. Rxd7 Nc3 21. Rc2 e6 22. Rb7 Nd5 23. Rb8+ Rxb8 24. Bxb8 a5 25. Rc8+ Bf8 26. Bd6 f5 27. Ng5 a4 28. Rxf8+ Kg7 29. Nxe6+ Kh6 30. Rb8 b3 31. axb3 axb3 32. Rxb3 g5 33. Rb5 Nxe3 34. fxe3 f4 35. Rxg5 f3 36. Bf8# 1-0

[Event "DVM U12W 2021"]
[Site "Willingen"]
[Date "2022.08.15"]
[Round "6"]
[White "Einacker, Lina"]
[Black "Fruth, Julia"]
[Result "0-1"]
[ECO "B52"]
[WhiteElo "1010"]
[BlackElo "1037"]
[Annotator "NA RC"]
[PlyCount "72"]
[EventDate "2022.08.12"]
[EventType "team-tourn"]
[EventRounds "7"]
[EventCountry "GER"]
[SourceTitle "playchess.com"]
[Source "ChessBase"]
[SourceQuality "1"]
[TimeControl "40/5400+30:1800+30"]

1. e4 c5 2. Nf3 d6 3. Bb5+ Bd7 4. Bxd7+ Nxd7 5. O-O Ngf6 6. Re1 e5 7. c3 Be7 8. d4 cxd4 9. cxd4 O-O 10. d5 Qb6 11. Nc3 Rac8 12. Na4 Qc7 13. Bg5 h6 14. Bh4 Qa5 15. b3 Rc7 16. Rc1 Rfc8 17. Rxc7 Qxc7 18. Nb2 Qc2 19. Qxc2 Rxc2 20. Bxf6 Nxf6 21. Nc4 Rxa2 22. Nh4 Nxe4 23. Nf5 Bf8 24. f3 Nc3 25. f4 g6 26. Ng3 b5 27. Nxd6 Bxd6 28. fxe5 Bc5+ 29. Kf1 Rf2+ 30. Kg1 Ne2+ 31. Nxe2 Rxe2+ 32. Kf1 Rxe1+ 33. Kxe1 Bd4 34. Kd2 Bxe5 35. g3 Kf8 36. Kc2 Ke7 0-1

[Event "DVM U12W 2021"]
[Site "Willingen"]
[Date "2022.08.15"]
[Round "6"]
[White "Xiao, Karoline"]
[Black "Berger, Jennifer"]
[Result "1-0"]
[ECO "D02"]
[WhiteElo "965"]
[BlackElo "1050"]
[Annotator "NA RC"]
[PlyCount "85"]
[EventDate "2022.08.12"]
[EventType "team-tourn"]
[EventRounds "7"]
[EventCountry "GER"]
[SourceTitle "playchess.com"]
[Source "ChessBase"]
[SourceQuality "1"]
[TimeControl "40/5400+30:1800+30"]

1. d4 d5 2. Bf4 Nf6 3. Nf3 e6 4. e3 Bd6 5. Bg3 Nh5 6. c3 O-O 7. Nbd2 c5 8. Bd3 c4 9. Bb1 Be7 10. Qc2 g6 11. Ne5 Nf6 12. Bh4 Bd7 13. O-O Nc6 14. Bxf6 Bxf6 15. Ndf3 Qc7 16. Nxd7 Qxd7 17. Re1 Rfe8 18. e4 b5 19. e5 Bg7 20. b3 Ne7 21. Qe2 a5 22. Bc2 a4 23. b4 Bh6 24. h3 Nc6 25. Nh2 Qe7 26. Ng4 Qg5 27. Nf6+ Kf8 28. Nxe8 Kxe8 29. g3 f5 30. exf6 Qxf6 31. Qg4 e5 32. dxe5 Nxe5 33. Qd4 Bg7 34. f4 Bh6 35. Rxe5+ Kf7 36. Qxd5+ Kf8 37. Qxa8+ Kf7 38. Qe8+ Kg7 39. Re7+ Qxe7 40. Qxe7+ Kg8 41. Rd1 Bf8 42. Rd8 g5 43. Rxf8# 1-0

[Event "DVM U12W 2021"]
[Site "Willingen"]
[Date "2022.08.15"]
[Round "6"]
[White "Engeln, Helene"]
[Black "Greive, Greta"]
[Result "1-0"]
[ECO "C53"]
[WhiteElo "956"]
[BlackElo "1136"]
[Annotator "NA RC"]
[PlyCount "101"]
[EventDate "2022.08.12"]
[EventType "team-tourn"]
[EventRounds "7"]
[EventCountry "GER"]
[SourceTitle "playchess.com"]
[Source "ChessBase"]
[SourceQuality "1"]
[TimeControl "40/5400+30:1800+30"]

1. e4 e5 2. Nf3 Nc6 3. Bc4 Bc5 4. c3 Qe7 5. d4 Bb6 6. d5 Nd8 7. Bg5 f6 8. Bh4 g5 9. Bg3 d6 10. h4 h5 11. b4 Bg4 12. Be2 Nf7 13. Bb5+ c6 14. dxc6 bxc6 15. Bxc6+ Bd7 16. Bxa8 Qd8 17. Bd5 Nfh6 18. hxg5 fxg5 19. Rxh5 Nf6 20. Rxg5 Qc8 21. Nh4 Nxd5 22. exd5 Nf5 23. Qf3 Rf8 24. Qh5+ Kd8 25. Ng6 Nxg3 26. Rxg3 Bxf2+ 27. Kd1 Ba4+ 28. Kc1 Rf7 29. Rf3 Rxf3 30. Qxf3 Bb6 31. Qf8+ Kc7 32. Qf7+ Bd7 33. a4 Be3+ 34. Nd2 Kb8 35. Kc2 Bf5+ 36. Kd1 Qxc3 37. Qe8+ Kb7 38. Qb5+ Bb6 39. Rc1 Bg4+ 40. Nf3 Qd4+ 41. Kc2 Bf5+ 42. Kb3 Qe3+ 43. Rc3 Qf2 44. Qc6+ Ka6 45. Qb5+ Kb7 46. Qc6+ Ka6 47. b5+ Ka5 48. Qc4 Bc5 49. b6 Bd7 50. b7 Bf5 51. Qb5# 1-0

[Event "DVM U12W 2021"]
[Site "Willingen"]
[Date "2022.08.15"]
[Round "6"]
[White "Marrufo, Adriana"]
[Black "Limmer, Maria"]
[Result "0-1"]
[ECO "C50"]
[WhiteElo "942"]
[BlackElo "767"]
[Annotator "NA RC"]
[PlyCount "108"]
[EventDate "2022.08.12"]
[EventType "team-tourn"]
[EventRounds "7"]
[EventCountry "GER"]
[SourceTitle "playchess.com"]
[Source "ChessBase"]
[SourceQuality "1"]
[TimeControl "40/5400+30:1800+30"]

1. e4 e5 2. Nf3 Nc6 3. Bc4 Nf6 4. d3 h6 5. Nc3 Bc5 6. Nxe5 Nxe5 7. d4 Bd6 8. dxe5 Bxe5 9. Qe2 O-O 10. h3 d6 11. g4 Be6 12. g5 Bxc3+ 13. bxc3 Nd7 14. gxh6 Qf6 15. Rg1 g6 16. Bg5 Qxc3+ 17. Kf1 Qxa1+ 18. Kg2 Qe5 19. f4 Bxc4 20. Qxc4 Qe8 21. Qc3 f6 22. h4 Qxe4+ 23. Kh2 Rae8 24. h5 Qe2+ 25. Rg2 Qxh5+ 26. Kg1 Re2 27. Qc4+ Kh7 28. Rxe2 fxg5 29. Re7+ Kxh6 30. Qxc7 Nf6 31. Qxd6 Qg4+ 32. Kf2 Qxf4+ 33. Qxf4 gxf4 34. Rxb7 Ng4+ 35. Kf3 Ne5+ 36. Ke4 Nc6 37. Kf3 g5 38. c4 Kh5 39. c5 g4+ 40. Kf2 g3+ 41. Kf3 Nd4+ 42. Kg2 Kh4 43. Rh7+ Kg4 44. Rg7+ Kf5 45. Rd7 Nc6 46. Rd5+ Kg4 47. Rd6 f3+ 48. Kf1 Re8 49. Rd2 Kh3 50. a4 g2+ 51. Kg1 Kg3 52. a5 f2+ 53. Rxf2 Re1+ 54. Rf1 Rxf1# 0-1

[Event "DVM U12W 2021"]
[Site "Willingen"]
[Date "2022.08.15"]
[Round "6"]
[White "Doberchak, Emily Alice"]
[Black "Reetz, Shaila"]
[Result "1-0"]
[ECO "C50"]
[WhiteElo "928"]
[BlackElo "837"]
[Annotator "NA RC"]
[PlyCount "69"]
[EventDate "2022.08.12"]
[EventType "team-tourn"]
[EventRounds "7"]
[EventCountry "GER"]
[SourceTitle "playchess.com"]
[Source "ChessBase"]
[SourceQuality "1"]
[TimeControl "40/5400+30:1800+30"]

1. e4 e5 2. Nf3 Nc6 3. Bc4 Bc5 4. Nc3 Nf6 5. d3 O-O 6. Qe2 h6 7. Be3 Bb6 8. Bxb6 axb6 9. O-O-O d6 10. h3 Be6 11. Bxe6 fxe6 12. Qe3 Nb4 13. d4 Nd7 14. a3 Nc6 15. d5 exd5 16. exd5 Ne7 17. g4 c6 18. dxc6 Nxc6 19. h4 Na5 20. g5 Nc4 21. Qe4 b5 22. gxh6 Rf7 23. Rhg1 Ndb6 24. Ng5 b4 25. Nxf7 Qf8 26. Rxg7+ Qxg7 27. hxg7 bxa3 28. bxa3 Rxa3 29. Nb1 Na4 30. Nxa3 d5 31. Qxd5 Nxa3 32. Rg1 Nc3 33. Qd8+ Kxf7 34. Re1 Nc4 35. g8=Q# 1-0

[Event "DVM U12W 2021"]
[Site "Willingen"]
[Date "2022.08.15"]
[Round "6"]
[White "Bykov, Sophia"]
[Black "Piffczyk, Sandra"]
[Result "0-1"]
[ECO "C42"]
[WhiteElo "896"]
[BlackElo "704"]
[Annotator "NA RC"]
[PlyCount "98"]
[EventDate "2022.08.12"]
[EventType "team-tourn"]
[EventRounds "7"]
[EventCountry "GER"]
[SourceTitle "playchess.com"]
[Source "ChessBase"]
[SourceQuality "1"]
[TimeControl "40/5400+30:1800+30"]

1. e4 e5 2. Nf3 Nc6 3. Nc3 Nf6 4. d3 Bb4 5. a3 Bxc3+ 6. bxc3 d6 7. Bg5 O-O 8. d4 exd4 9. cxd4 Bg4 10. Qd3 Bxf3 11. Qxf3 Nxd4 12. Qc3 c5 13. Bd3 h6 14. Be3 Nc6 15. f4 Qd7 16. O-O d5 17. Qb2 dxe4 18. Bb5 a6 19. Bc4 Ng4 20. Bxc5 Rfd8 21. Rad1 Qe8 22. Rde1 Na5 23. Ba2 Kh8 24. Bb6 Rd6 25. Bxa5 Qc6 26. Rc1 Qc5+ 27. Kh1 Qxa5 28. Rcd1 Rb6 29. Qd4 Qh5 30. h3 Rc6 31. Qxe4 Qh4 32. c4 Rac8 33. Bb1 g6 34. Qd4+ Kh7 35. Qd3 Rxc4 36. Qd7 Rf8 37. Rfe1 Nf2+ 38. Kg1 Nxd1 39. Rxd1 Rxf4 40. Rf1 Rxf1+ 41. Kxf1 Qf6+ 42. Ke2 Qe6+ 43. Qxe6 fxe6 44. a4 b5 45. axb5 axb5 46. Bd3 b4 47. Bc4 Rb8 48. Bxe6 b3 49. Bxb3 Rxb3 0-1

[Event "DVM U12W 2021"]
[Site "Willingen"]
[Date "2022.08.15"]
[Round "6"]
[White "Grey, Paula"]
[Black "Müller, Ariana"]
[Result "0-1"]
[ECO "C50"]
[WhiteElo "854"]
[BlackElo "975"]
[Annotator "NA RC"]
[PlyCount "144"]
[EventDate "2022.08.12"]
[EventType "team-tourn"]
[EventRounds "7"]
[EventCountry "GER"]
[SourceTitle "playchess.com"]
[Source "ChessBase"]
[SourceQuality "1"]
[TimeControl "40/5400+30:1800+30"]

1. e4 e5 2. Nf3 Nc6 3. Bc4 Bc5 4. Nc3 Nf6 5. d3 d6 6. h3 Be6 7. Bg5 h6 8. Be3 Qd7 9. d4 Bb4 10. Bxe6 Qxe6 11. d5 Qd7 12. dxc6 Qxc6 13. Bd2 Bxc3 14. Bxc3 Nxe4 15. Bb4 Qb6 16. O-O Qxb4 17. b3 O-O-O 18. a4 Nc5 19. a5 e4 20. Nd4 Rhe8 21. Re1 Re5 22. Re3 Na6 23. Rg3 Rd5 24. Ra4 Qc3 25. Rxc3 c5 26. b4 Kb8 27. bxc5 dxc5 28. Rcc4 Nc7 29. Qb1 cxd4 30. a6 b6 31. Rcb4 d3 32. cxd3 exd3 33. Ra2 Re5 34. Rd2 Red5 35. Rb3 Nxa6 36. Rbxd3 Rxd3 37. Rxd3 Re8 38. Re3 Rd8 39. Re7 Nc5 40. Qa1 Rd7 41. Re8+ Kb7 42. Qxg7 a5 43. Qe5 Kc6 44. Rc8+ Kb5 45. Qe2+ Kb4 46. Rb8 Rd6 47. Qc2 a4 48. Re8 a3 49. Ra8 f6 50. Rh8 f5 51. Qxf5 a2 52. Qf4+ Kb5 53. Ra8 Rd1+ 54. Kh2 a1=Q 55. Rxa1 Rxa1 56. Qxh6 Ka5 57. f4 b5 58. f5 Nd7 59. Qd2+ b4 60. h4 Nf6 61. Kh3 Rh1+ 62. Kg3 Ne4+ 63. Kg4 Nxd2 64. f6 Rf1 65. Kg5 Ne4+ 66. Kg6 Rxf6+ 67. Kg7 b3 68. h5 b2 69. h6 b1=Q 70. h7 Qb7+ 71. Kg8 Qf7+ 72. Kh8 Qf8# 0-1

[Event "DVM U12W 2021"]
[Site "Willingen"]
[Date "2022.08.15"]
[Round "6"]
[White "Borck, Elena"]
[Black "Marrufo, Emilia"]
[Result "0-1"]
[ECO "C50"]
[WhiteElo "739"]
[BlackElo "970"]
[Annotator "NA RC"]
[PlyCount "40"]
[EventDate "2022.08.12"]
[EventType "team-tourn"]
[EventRounds "7"]
[EventCountry "GER"]
[SourceTitle "playchess.com"]
[Source "ChessBase"]
[SourceQuality "1"]
[TimeControl "40/5400+30:1800+30"]

1. e4 e5 2. Nf3 Nc6 3. Bc4 Bc5 4. Nc3 Nf6 5. d3 d6 6. a3 a6 7. b4 Ba7 8. b5 Nd4 9. bxa6 bxa6 10. Nd5 c6 11. Nb4 d5 12. exd5 Nxd5 13. Nxe5 Qe7 14. Nxd5 cxd5 15. c3 Qxe5+ 16. Be3 dxc4 17. O-O Nc6 18. d4 Qf5 19. Qa4 Bb7 20. Qxc4 O-O 0-1

[Event "DVM U12W 2021"]
[Site "Willingen"]
[Date "2022.08.16"]
[Round "7"]
[White "Ramakrishnan, Veda"]
[Black "Abram, Kristina-Maria"]
[Result "1-0"]
[ECO "B01"]
[WhiteElo "1333"]
[BlackElo "1128"]
[Annotator "NA RC"]
[PlyCount "51"]
[EventDate "2022.08.12"]
[EventType "team-tourn"]
[EventRounds "7"]
[EventCountry "GER"]
[SourceTitle "playchess.com"]
[Source "ChessBase"]
[SourceQuality "1"]
[TimeControl "40/5400+30:1800+30"]

1. e4 d5 2. exd5 Qxd5 3. Nf3 Bg4 4. Be2 Nf6 5. d4 Nc6 6. c4 Qd7 7. d5 Bxf3 8. Bxf3 Ne5 9. b3 Qf5 10. Nd2 Nd3+ 11. Kf1 e5 12. Qe2 Bc5 13. g4 Qg6 14. Ne4 Nf4 15. Bxf4 Nxe4 16. Bxe4 Qf6 17. Be3 Bd6 18. Qf3 Qe7 19. Rc1 O-O 20. c5 Rad8 21. cxd6 Qxd6 22. Bc5 Qa6+ 23. Bd3 Qxa2 24. Bxf8 Rxf8 25. Rxc7 Qxb3 26. Bxh7+ 1-0